 Dungeon Sprint DCSS version 0.22-a0-135-g6f012ad (webtiles) character file.

1002 Faca the Quickloader (level 8, -1/68 HPs)
             Began as a Gnoll Hunter on Jan 31, 2018.
             Was a Priest of Okawaru.
             Slain by an orc knight
             ... wielding a +3 great mace
              (29 damage)
             ... in the Dungeon (Sprint V: "Ziggurat Sprint").
             The game lasted 00:02:27 (100 turns).

Faca the Quickloader (Gnoll Hunter)                  Turns: 100, Time: 00:02:27

Health: -1/68      AC:  6    Str: 24    XL:     8   Next: 20%
Magic:  8/17       EV: 18    Int: 13    God:    Okawaru [***...]
Gold:   0          SH:  0    Dex: 21    Spells: 19/19 levels left

rFire    . . .     SeeInvis +   H - +9 heavy crossbow "Sniper" {velocity, Acc+∞ SInv}
rCold    + . .     Gourm    .   (shield currently unavailable)
rNeg     . . .     Faith    .   p - +3 leather armour {rC+}
rPois    .         Spirit   .   (no helmet)
rElec    .         Reflect  .   (no cloak)
rCorr    .         Harm     .   (no gloves)
MR       .....     NoTele   +   (no boots)
Stlth    ++++......             (no amulet)
HPRegen  0.21/turn              F - +6 ring of strength
MPRegen  0.15/turn              B - +6 ring of dexterity

@: no status effects
A: distributed training, fangs 1, strong nose
a: Heroism, Renounce Religion


You were in the Dungeon.
You worshipped Okawaru.
Okawaru was most pleased with you.
You were not hungry.

You visited 1 branch

Inventory:

Hand Weapons
 a - a +1 hand crossbow
 b - a +0 short sword
 H - the +9 heavy crossbow "Sniper" (weapon) {velocity, Acc+∞ SInv}
   (You found it in the Dungeon)

   Any bolt fired from it inflicts extra damage.
   It lets you see invisible.
Missiles
 d - 1014 bolts (quivered)
Armour
 l - +5 shadow dragon scales
 p - a +3 leather armour of cold resistance (worn)
Jewellery
 B - a +6 ring of dexterity (right hand)
 C - a +6 ring of dexterity
 D - a +6 ring of intelligence
 E - a +6 ring of intelligence
 F - a +6 ring of strength (left hand)
 G - a +6 ring of strength
Wands
 y - a wand of disintegration (7)
 z - a wand of iceblast (7)
 A - a wand of acid (7)
Scrolls
 k - 4 scrolls of blinking
 s - 4 scrolls of amnesia
 t - 7 scrolls of fog
 u - a scroll of holy word
 v - 5 scrolls of identify
 w - 5 scrolls of remove curse
 x - 2 scrolls of fear
Potions
 e - 10 potions of curing
 g - 10 potions of heal wounds
 h - 6 potions of haste
 i - 7 potions of magic
 j - 3 potions of berserk rage
 m - 2 potions of brilliance
 n - 2 potions of invisibility
 o - 4 potions of resistance
 q - 5 potions of agility
 r - 5 potions of might
Comestibles
 f - 7 rations


   Skills:
 + Level 7.8 Fighting
 + Level 6.2 Short Blades
 + Level 6.2 Long Blades
 + Level 6.2 Axes
 + Level 6.2 Maces & Flails
 + Level 6.2 Polearms
 + Level 6.2 Staves
 + Level 6.2 Slings
 + Level 6.2 Bows
 + Level 10.5 Crossbows
 + Level 6.2 Throwing
 + Level 6.2 Armour
 + Level 7.8 Dodging
 + Level 6.7 Stealth
 + Level 6.2 Shields
 + Level 6.2 Unarmed Combat
 + Level 6.2 Spellcasting
 + Level 5.1 Conjurations
 + Level 5.1 Hexes
 + Level 5.1 Charms
 + Level 5.1 Summonings
 + Level 5.1 Necromancy
 + Level 5.1 Translocations
 + Level 5.1 Transmutations
 + Level 5.1 Fire Magic
 + Level 5.1 Ice Magic
 + Level 5.1 Air Magic
 + Level 5.1 Earth Magic
 + Level 5.1 Poison Magic
 + Level 6.8 Invocations
 + Level 6.2 Evocations


You had 19 spell levels left.
You didn't know any spells.

Dungeon Overview and Level Annotations

Branches:
Dungeon (1/1)

Altars:
Ashenzari
Cheibriados
Dithmenos
Elyvilon
Fedhas
Gozag
Hepliaklqana
Kikubaaqudgha
Makhleb
Nemelex Xobeh
Okawaru
Qazlal
Ru
Sif Muna
Trog
Uskayaw
Vehumet
Wu Jian
Xom
Yredelemnul
Zin
The Shining One
Beogh
Jiyva
Lugonu

Annotations:
D 1 transporter


Innate Abilities, Weirdness & Mutations

Your experience applies equally to all skills.
You have very sharp teeth.
Your uncanny sense of smell can sniff out nearby items.


Message History

Your Unarmed Combat skill increases to level 6!
Your Spellcasting skill increases to level 6!
Your Conjurations skill increases to level 5!
Your Hexes skill increases to level 5!
Your Charms skill increases to level 5!
Your Summonings skill increases to level 5!
Your Necromancy skill increases to level 5!
Your Translocations skill increases to level 5!
Your Transmutations skill increases to level 5!
Your Fire Magic skill increases to level 5!
Your Ice Magic skill increases to level 5!
Your Air Magic skill increases to level 5!
Your Earth Magic skill increases to level 5!
Your Poison Magic skill increases to level 5!
Your Invocations skill increases to level 6!
Your Evocations skill increases to level 6!
You have reached level 8!
You feel stronger.
The orc knight hits you but does no damage.
The orc knight hits you with an enchanted great mace!!
You die...

▓▓▓▓▓▓▓▓▓▓▓▓▓
▓.8©8.▓.8©8.▓
∆∆∆
▓.}}).▓.....▓
∆
▓.....▓.|.[.▓
▓.....▓.....▓
▓..(..▓.....▓
▓.)o(.▓..©..▓
▓..@..▓▓▓▓▓▓▓
▓▓▓▓▓▓▓ ∆∆∆
∆∆∆ ∆ ∆ ∆


You could see an orc knight.

Vanquished Creatures
  2 ironbrand convokers (D)
  A phantom (D)
  A jackal zombie (D)
4 creatures vanquished.

Notes
Turn   | Place    | Note
-------+----------+-------------------------------------------
     0 | D        | Found the +6 Majin-Bo {vamp, Archmagi MP+6 Int+6}
     0 | D        | Found the +7 great mace "Firestarter" {inner flame, rF++}
     0 | D        | Faca the Gnoll Hunter began the quest for the Orb.
     0 | D        | Reached XP level 1. HP: 20/20 MP: 1/1
     3 | D        | Found a blossoming altar of Fedhas.
     6 | D        | Found a deep blue altar of Sif Muna.
     6 | D        | Found a sacrificial altar of Ru.
     6 | D        | Found a bloodstained altar of Trog.
     6 | D        | Found a stormy altar of Qazlal.
     6 | D        | Found an iron altar of Okawaru.
     6 | D        | Found a sparkling altar of Nemelex Xobeh.
     8 | D        | Found a transporter.
     8 | D        | Found an ancient bone altar of Kikubaaqudgha.
     8 | D        | Found a viscous altar of Jiyva.
     8 | D        | Found a corrupted altar of Lugonu.
     8 | D        | Found a hazy altar of Hepliaklqana.
     8 | D        | Found a burning altar of Makhleb.
     8 | D        | Found an opulent altar of Gozag.
    25 | D        | Found the +9 heavy crossbow "Sniper" {velocity, Acc+∞ SInv}
    25 | D        | Found the +10 dark maul {crush}
    25 | D        | Found the +15 Maxwell's patent armour {-Cast -Tele rElec MR+ rCorr}
    25 | D        | Found the +18 shield of the Gong {rElec rN+ MR+ EV-5}
    25 | D        | Found the cursed +14 obsidian axe {chop, +Fly SInv *Curse}
    27 | D        | Found the +6 shillelagh "Devastator" {shatter}
    27 | D        | Found the +11 plutonium sword {*Contam Stlth-}
    27 | D        | Found the +8 lance "Wyrmbane" {slay drac, rPois rF+ rC+ AC+3}
    27 | D        | Found the +9 sword of Zonguldrok {reap}
    27 | D        | Found the cursed +13 scythe of Curses {drain, *Curse}
    27 | D        | Found the +0 sword of Power
    27 | D        | Found the +10 mace of Variability {chaos}
    27 | D        | Found the +7 Singing Sword
    27 | D        | Found the +7 longbow "Piercer" {penet, EV-2}
    46 | D        | Reached skill level 5 in Fighting
    46 | D        | Reached skill level 5 in Dodging
    46 | D        | Reached skill level 1 in Conjurations
    46 | D        | Reached skill level 1 in Hexes
    46 | D        | Reached skill level 1 in Charms
    46 | D        | Reached skill level 1 in Summonings
    46 | D        | Reached skill level 1 in Necromancy
    46 | D        | Reached skill level 1 in Translocations
    46 | D        | Reached skill level 1 in Transmutations
    46 | D        | Reached skill level 1 in Fire Magic
    46 | D        | Reached skill level 1 in Ice Magic
    46 | D        | Reached skill level 1 in Air Magic
    46 | D        | Reached skill level 1 in Earth Magic
    46 | D        | Reached skill level 1 in Poison Magic
    46 | D        | Reached XP level 2. HP: 27/27 MP: 1/5
    54 | D        | Became a worshipper of Warmaster Okawaru
    63 | D        | Entered arena 2.
    63 | D        | Noticed a phantom
    63 | D        | Found a transporter.
    64 | D        | Killed a phantom
    64 | D        | Reached * piety under Okawaru
    64 | D        | Reached skill level 9 in Crossbows
    64 | D        | Reached XP level 3. HP: 34/34 MP: 2/7
    64 | D        | Reached XP level 4. HP: 40/40 MP: 2/9
    94 | D        | Entered arena 3.
    94 | D        | Noticed an ironbrand convoker
    94 | D        | Noticed an ironbrand convoker
    94 | D        | Noticed an orc knight
    94 | D        | Found a transporter.
    97 | D        | Killed an ironbrand convoker
    97 | D        | Reached ** piety under Okawaru
    97 | D        | Reached skill level 5 in Short Blades
    97 | D        | Reached skill level 5 in Long Blades
    97 | D        | Reached skill level 5 in Axes
    97 | D        | Reached skill level 5 in Maces & Flails
    97 | D        | Reached skill level 5 in Polearms
    97 | D        | Reached skill level 5 in Staves
    97 | D        | Reached skill level 5 in Slings
    97 | D        | Reached skill level 5 in Bows
    97 | D        | Reached skill level 10 in Crossbows
    97 | D        | Reached skill level 5 in Throwing
    97 | D        | Reached skill level 5 in Armour
    97 | D        | Reached skill level 5 in Shields
    97 | D        | Reached skill level 5 in Unarmed Combat
    97 | D        | Reached skill level 5 in Spellcasting
    97 | D        | Reached skill level 5 in Invocations
    97 | D        | Reached skill level 5 in Evocations
    97 | D        | Reached XP level 5. HP: 48/48 MP: 6/12
    97 | D        | Reached XP level 6. HP: 55/55 MP: 7/14
    97 | D        | Reached XP level 7. HP: 60/60 MP: 7/15
   100 | D        | Killed an ironbrand convoker
   100 | D        | Reached *** piety under Okawaru
   100 | D        | Reached skill level 5 in Conjurations
   100 | D        | Reached skill level 5 in Hexes
   100 | D        | Reached skill level 5 in Charms
   100 | D        | Reached skill level 5 in Summonings
   100 | D        | Reached skill level 5 in Necromancy
   100 | D        | Reached skill level 5 in Translocations
   100 | D        | Reached skill level 5 in Transmutations
   100 | D        | Reached skill level 5 in Fire Magic
   100 | D        | Reached skill level 5 in Ice Magic
   100 | D        | Reached skill level 5 in Air Magic
   100 | D        | Reached skill level 5 in Earth Magic
   100 | D        | Reached skill level 5 in Poison Magic
   100 | D        | Reached XP level 8. HP: 28/68 MP: 8/17
   100 | D        | Slain by an orc knight

Vault maps used:
D:        sprint_v

Skill      XL: |  1  2  3  4  5  6  7 |
---------------+----------------------+-----
Fighting       | 5 7 |  7.8
Short Blades   | 2 3 5 6 |  6.2
Long Blades    | 2 3 5 6 |  6.2
Axes           | 2 3 5 6 |  6.2
Maces & Flails | 2 3 5 6 |  6.2
Polearms       | 2 3 5 6 |  6.2
Staves         | 2 3 5 6 |  6.2
Slings         | 2 3 5 6 |  6.2
Bows           | 2 3 5 6 |  6.2
Throwing       | 2 3 5 6 |  6.2
Armour         | 2 3 5 6 |  6.2
Dodging        | 5 7 |  7.8
Stealth        | 3 4 6 |  6.7
Shields        | 2 3 5 6 |  6.2
Unarmed Combat | 2 3 5 6 |  6.2
Spellcasting   | 2 3 5 6 |  6.2
Conjurations   | 1 2 4 5 |  5.1
Hexes          | 1 2 4 5 |  5.1
Charms         | 1 2 4 5 |  5.1
Summonings     | 1 2 4 5 |  5.1
Necromancy     | 1 2 4 5 |  5.1
Translocations | 1 2 4 5 |  5.1
Transmutations | 1 2 4 5 |  5.1
Fire Magic     | 1 2 4 5 |  5.1
Ice Magic      | 1 2 4 5 |  5.1
Air Magic      | 1 2 4 5 |  5.1
Earth Magic    | 1 2 4 5 |  5.1
Poison Magic   | 1 2 4 5 |  5.1
Invocations    | 2 3 5 6 |  6.8
Evocations     | 2 3 5 6 |  6.2
Crossbows      | 9 10 | 10.5

Action                   |  1- 3 |  4- 6 |  7- 9 || total
-------------------------+-------+-------+-------++-------
Melee: Short sword       |       |     3 |       ||     3
 Fire: Heavy crossbow    |     1 |     3 |     3 ||     7
  Use: Potion            |     1 |       |       ||     1
Armor: Leather armour    |       |     1 |     1 ||     2
Dodge: Dodged            |       |     3 |     9 ||    12

Table legend:
 A = Spawn XP
 B = Non-spawn XP
 C = Spawn XP percentage of total XP
 D = Spawn monster count
 E = Non-spawn monster count
 F = Spawn count percentage of total count
 G = Total turns spent on level
                    A         B        C        D         E        F      G
               +---------+---------+-------+---------+---------+-------+---------
         Total |       0 |    1422 |   0.0 |       0 |       4 |   0.0 |   100
               +---------+---------+-------+---------+---------+-------+---------
             D |       0 |    1422 |   0.0 |       0 |       4 |   0.0 |   100
               +---------+---------+-------+---------+---------+-------+---------
